Zazza, neutral female human Tourist -------- |......| |......| |......| |......| #.......| ###---.--.- # # ### #### # # # # #### #### #### ### # # ### ### # ### # ----.---- ## --%-.- # ##...<....| #..)..| ### |.......| |..rr| # |......$| |...r@## --------- ------ Zazza the Sightseer Experience level: 4 Strength: 11 Dexterity: 13 Constitution: 16 Intelligence: 14 Wisdom: 9 Charisma: 14 Health: 0(32) Energy: 15(15) Def: 0 Gold: 516 Moves: 2112 Dungeon seed: q3rjyujhTSIZ6PU1 Game ID: Zazza_1532844859 Your Inventory: Coins $ - 516 gold pieces Weapons a - 28 +2 darts (in quiver) G - a blessed +0 orcish dagger (weapon in hand) Armor e - an uncursed very burnt +0 Hawaiian shirt (being worn) q - an uncursed +1 dwarvish cloak z - an uncursed +0 scale mail N - an uncursed +0 small shield Comestibles b - 2 uncursed tins of sewer rat meat c - an uncursed egg d - 3 uncursed food rations f - an uncursed fortune cookie h - 2 uncursed apples i - 2 uncursed slime molds j - an uncursed tripe ration K - an uncursed lembas wafer Scrolls l - 2 uncursed scrolls of magic mapping E - a cursed scroll of enchant armor L - an uncursed scroll of blank paper M - a blessed scroll of blank paper Potions u - an uncursed potion of speed C - a cursed potion of full healing P - an uncursed potion of gain energy Rings D - an uncursed ring of invisibility Wands F - a wand of secret door detection (0:13) Tools n - an expensive camera (0:99) o - an uncursed credit card p - a magic marker (0:86) B - an uncursed mirror Gems y - an uncursed worthless piece of violet glass Spells and supernatural/magical abilities: Name Level Category Fail Memory W - pray for help -- divine ? -- Your skills at the end: Fighting Skills Weapon Skills dagger [Basic] dart [Basic] Spellcasting Skills Final Attributes: You were piously aligned. You were lucky. You are dead. Vanquished creatures: a paper golem a floating eye a kitten a rothe 2 orc zombies a dwarf zombie an iguana 2 coyotes 2 gas spores a hobbit 2 cave spiders a brown mold 3 yellow molds 2 geckos a fox a kobold 2 goblins a sewer rat 6 grid bugs 3 lichens a newt 36 creatures vanquished. Voluntary challenges: You used a wielded weapon 44 times, starting on turn 716. You read items or engraved 3 times, starting on turn 1797. You never genocided any monsters. You never polymorphed an object. You never changed form. You used no wishes. You never split a pudding. You wrote Elbereth's name 1 time, starting on turn 1801. You never violated your personal moral code. Dungeon overview: The Dungeons of Doom: levels 1 to 5 Level 1 a fountain, a sink a long staircase Level 2 a fountain Level 3 a scroll shop, a fountain stairs to The Gnomish Mines Level 4 a fountain Level 5 (gold) <- You were here The Gnomish Mines: Level 4 stairs to The Dungeons of Doom History has recorded: On T:1 you entered the Dungeons of Doom to retrieve the Amulet of Yendor! On T:236 you reached level 3 of The Dungeons of Doom. On T:501 you reached level 2 of The Dungeons of Doom. On T:613 you advanced to experience level 2. On T:987 you advanced to experience level 3. On T:1472 you advanced to experience level 4. On T:1500 you reached level 4 of The Dungeons of Doom. On T:2025 you reached level 5 of The Dungeons of Doom. Score breakdown: Gold: 457 ( 9051 points) Experience: 4 levels ( 9649 points) Exploration: 5 levels ( 10.64%) ( 8846 points) Discoveries: 3 items ( 1.01%) ( 3010 points) Valuables value: (no points given unless you survive) Artifact value: 0 ( 0 points) Variety of kills: 21 monsters ( 5.51%) ( 7043 points) Turncount: 2112 turns ( -81 points) Survival: died (score multiplied by 80%) Total score: 30014 Latest messages: Your dark green potion boils and explodes! (You can name a dark green potion from the item naming menu.) Your yellow potion boils and explodes! For an instant you couldn't see yourself! Your scrolls of magic mapping catch fire and burn! Your scroll labeled DAIYEN FOOELS catches fire and burns! One of your unlabeled scrolls catches fire and burns! You hear the howling of the CwnAnnwn... The bolt of fire bounces! The wererat changes into a rat. You feel yourself slowing down. The dart hits it. You hit it. The wererat summons help! The wererat bites! You die... Final status: Aloha Zazza the Tourist, killed by a wererat... You died in The Dungeons of Doom on dungeon level 5 with 30014 points, and 516 pieces of gold, after 2112 moves. You were level 4 with a maximum of 32 hit points when you died.